 Dungeon Crawl Stone Soup version 0.24-a0-525-g9231cdcba1 (webtiles) character file.

Game seed: 102641699451042867

452 Gynju the Ruffian (level 6, -5/50 HPs)
             Began as a Draconian Transmuter on Aug 2, 2019.
             Killed by nerve-wracking pain
             ... invoked by an orc priest
              (6 damage)
             ... on level 4 of the Dungeon.
             The game lasted 00:10:11 (3554 turns).

Gynju the Ruffian (Draconian Transmuter)            Turns: 3554, Time: 00:10:12

Health: -5/50      AC:  9    Str: 14    XL:     6   Next: 75%
Magic:  11/11      EV: 12    Int: 14    God:
Gold:   167        SH:  0    Dex: 11    Spells: 8/12 levels left

rFire    . . .     SeeInvis .     - Unarmed
rCold    . . .     Gourm    .   (no shield)
rNeg     . . .     Faith    .   (armour unavailable)
rPois    .         Spirit   .   (helmet restricted)
rElec    .         Reflect  .   (no cloak)
rCorr    .         Harm     .   (no gloves)
MR       .....                  m - +2 pair of boots
Stlth    +.........             (no amulet)
HPRegen  0.16/turn              (no ring)
MPRegen  0.12/turn              (no ring)

@: appendage (expiring), drained
A: unfitting armour, horns 2, cold-blooded, AC +6
a: End Transformation


You were on level 4 of the Dungeon.
You were not hungry.
You had grown temporary horns.
You visited 1 branch of the dungeon, and saw 4 of its levels.

You collected 167 gold pieces.

Inventory:

Hand Weapons
 b - a +1 hunting sling of freezing
Missiles
 a - 32 arrows
 n - 131 stones (quivered)
Armour
 m - a +2 pair of boots (worn)
Jewellery
 s - a +5 amulet of reflection {unknown}
 t - a +4 amulet of reflection {unknown}
Wands
 v - a wand of polymorph (9)
 x - a wand of scattershot (6)
 y - a wand of flame (15)
Scrolls
 d - 2 scrolls of amnesia {unknown}
 e - 3 scrolls of enchant weapon {unknown}
 f - a scroll of fog {unknown}
 i - 2 scrolls of blinking {unknown}
 j - 4 scrolls of identify {unknown}
 q - 2 scrolls of fear {unknown}
 w - a scroll of teleportation {unknown}
Potions
 g - 2 potions of mutation {unknown}
 h - 4 potions of degeneration {unknown}
 k - 2 potions of brilliance {unknown}
 l - 2 potions of berserk rage {unknown}
 o - 4 potions of curing {unknown}
 p - a potion of heal wounds {unknown}
 r - a potion of haste {unknown}
Comestibles
 c - 12 rations
 u - 3 chunks of flesh


   Skills:
 + Level 2.7(2.1) Fighting
 + Level 2.7(2.0) Dodging
 * Level 4.5(3.8) Unarmed Combat
 * Level 3.8(3.1) Spellcasting
 * Level 4.0(3.3) Transmutations


You had 8 spell levels left.
You knew the following spells:

 Your Spells              Type           Power        Failure   Level  Hunger
a - Beastly Appendage     Tmut           ##....       5%          1    #......
b - Spider Form           Tmut/Pois      #.........   32%         3    ###....

Your spell library contained the following spells:

 Spells                   Type           Power        Failure   Level  Hunger
 Sticks to Snakes         Tmut           ##......     9%          2    ##.....
 Animate Skeleton         Necr           N/A          22%         1    #......
 Apportation              Tloc           #.....       22%         1    #......
 Confusing Touch          Hex            #.....       22%         1    #......
 Summon Small Mammal      Summ           #...         22%         1    #......
 Ice Form                 Ice/Tmut       #.......     71%         4    #####..
 Blade Hands              Tmut           ##........   83%         5    ######.


Dungeon Overview and Level Annotations

Branches:
Dungeon (4/15)
 Temple: D:4-7

Altars:
Cheibriados
Trog

Annotations:
D:3 1 runed translucent door, Grinder; Nr616's ghost, amateur GnWn


Innate Abilities, Weirdness & Mutations

Your plain brown scales are hard. (AC +6)
You cannot fit into any form of body armour.
You are cold-blooded and may be slowed by cold attacks.
You have a pair of horns on your head.


Message History

Beogh smites you!
* * * LOW HITPOINT WARNING * * *
You closely miss the orc priest.
You tail-slap the orc priest, but do no damage.
The orc priest is almost dead.
Your transformation is almost over.
The orc priest invokes the aid of Beogh against you.
Pain shoots through your body!
* * * LOW HITPOINT WARNING * * *
You hit the orc priest but do no damage.
The orc priest is almost dead.
The orc priest mumbles some strange prayers to Beogh against you.
Pain shoots through your body!
* * * LOW HITPOINT WARNING * * *
You hit the orc priest but do no damage.
Your headbutt misses the orc priest.
The orc priest is almost dead.
The orc priest mumbles some strange prayers to Beogh against you.
Pain shoots through your body!
You die...

#..... ..((..(...#
#..... .........#
#..... .(......#
##.... .......
#.... ..... #....
(.. #.... #o#
#.... #@#
#######.... #.#
.......)#..
#.############.#.#
#.#.........).)...
#.#.#########.##.#
#.#.#.<....<#[##.#
#.#.........[....#
#.###########[####
#.............#


You could see an orc priest.

Vanquished Creatures
  Sigmund (D:3)
  3 orc wizards (D:4)
  An orc priest (D:4)
  A worker ant (D:4)
  A gnoll (D:1)
  5 adders
  An ooze (D:2)
  5 worms
  A dart slug (D:1)
  13 orcs
  2 giant cockroaches
  10 goblins
  10 hobgoblins
  7 jackals
  7 kobolds
  A quokka (D:1)
  A ball python (D:1)
  10 bats
  3 frilled lizards
  4 rats
87 creatures vanquished.

Notes
Turn   | Place    | Note
-------+----------+-------------------------------------------
     0 | D:1      | Gynju the Draconian Transmuter began the quest for the Orb.
     0 | D:1      | Reached XP level 1. HP: 16/16 MP: 3/3
   165 | D:1      | Reached XP level 2. HP: 23/23 MP: 1/5
  1070 | D:1      | Reached XP level 3. HP: 28/28 MP: 3/6
  1685 | D:2      | Learned a level 3 spell: Spider Form
  1841 | D:2      | Reached XP level 4. HP: 36/36 MP: 6/8
  2023 | D:2      | Found a bloodstained altar of Trog.
  2274 | D:3      | Found a snail-covered altar of Cheibriados.
  2298 | D:3      | Noticed Sigmund
  2388 | D:3      | Killed Sigmund
  2388 | D:3      | Reached XP level 5. HP: 17/42 MP: 8/10
  2621 | D:3      | Reached XP level 6. HP: 49/49 MP: 11/11
  2861 | D:3      | Found a runed translucent door.
  2861 | D:3      | Noticed Nr616's ghost (amateur GnWn)
  2925 | D:3      | Noticed Grinder
  3553 | D:4      | HP: 1/50 [orc priest/nerve-wracking pain (8)]
  3554 | D:4      | Killed from afar by an orc priest

Levels and vault maps discovered:
D:1:      sevenhm_arrival_forest_fort_large_4, layout_basic,
          serial_bayou_ford_a, kennysheep_doodads
D:2:      kennysheep_six_static_rooms, layout_basic, first_ration, st_stairs_14,
          trog_hazing_becter
D:3:      layout_rooms, lemuel_crystal_altar, gammafunk_ghost_grave,
          uniq_grinder, uniq_sigmund
D:4:      layout_basic

Skill      XL: |  1  2  3  4  5  6 |
---------------+-------------------+-----
Dodging        | 2 |  2.7
Transmutations | 3 4 |  4.0
Fighting       | 2 |  2.7
Unarmed Combat | 4 |  4.5
Spellcasting   | 3 |  3.8

Action                   |  1- 3 |  4- 6 || total
-------------------------+-------+-------++-------
Melee: Unarmed           |   140 |   103 ||   243
       Tailslap          |    10 |    10 ||    20
       Headbutt          |    10 |    10 ||    20
       Kick              |     2 |       ||     2
       Punch             |     1 |       ||     1
 Fire: Hunting sling     |    10 |   128 ||   138
 Cast: Beastly Appendage |    24 |    21 ||    45
  Eat: Chunk             |     4 |     5 ||     9
Armor: Skin              |    62 |    54 ||   116
Dodge: Dodged            |   114 |    73 ||   187

Table legend:
 A = Non-vault XP
 B = Vault XP
 C = Vault XP percentage of total XP
 D = Non-vault monster count
 E = Vault monster count
 F = Vault count percentage of total count
                 A         B        C        D         E       F
            +---------+---------+-------+---------+---------+-------
      Total |     402 |     245 |  37.9 |      71 |      16 |  18.4
            +---------+---------+-------+---------+---------+-------
        D:1 |      52 |       2 |   3.7 |      23 |       1 |   4.2
        D:2 |      45 |      31 |  40.8 |      16 |      14 |  46.7
        D:3 |      88 |     212 |  70.7 |      18 |       1 |   5.3
        D:4 |     217 |       0 |   0.0 |      14 |       0 |   0.0
            +---------+---------+-------+---------+---------+-------
